 Dungeon Crawl Stone Soup version 0.23.2 (webtiles) character file.

Game seed: 11853829396547595645

51 Menchi the Sneak (level 4, 0/26 HPs)
             Began as a Kobold Assassin on Apr 10, 2019.
             Slain by a quokka (4 damage)
             ... on level 2 of the Dungeon.
             The game lasted 00:01:39 (496 turns).

Menchi the Sneak (Kobold Assassin)                   Turns: 496, Time: 00:01:40

Health: 0/26       AC:  3    Str:  9    XL:     4   Next: 5%
Magic:  4/4        EV: 15    Int: 12    God:
Gold:   32         SH:  0    Dex: 16    Spells: 3/3 levels left

rFire    . . .     SeeInvis .   a - +2 dagger
rCold    . . .     Gourm    .   (shield restricted)
rNeg     . . .     Faith    .   c - +0 robe
rPois    .         Spirit   .   (no helmet)
rElec    .         Reflect  .   d - +0 cloak
rCorr    .         Harm     .   (no gloves)
MR       .....                  (no boots)
Stlth    ++++......             (no amulet)
HPRegen  0.08/turn              (no ring)
MPRegen  0.09/turn              (no ring)

@: no status effects
A: small, carnivore
a: no special abilities


You were on level 2 of the Dungeon.
You were completely stuffed.

You visited 1 branch of the dungeon, and saw 2 of its levels.

You collected 32 gold pieces.

Inventory:

Hand Weapons
 a - a +2 dagger (weapon)
 b - a +0 blowgun
Missiles
 e - 8 poisoned needles
 f - 2 curare-tipped needles
Armour
 c - a +0 robe (worn)
 d - a +0 cloak (worn)
Scrolls
 i - a scroll of random uselessness {unknown}
 k - a scroll of remove curse {unknown}
 l - a scroll of identify {unknown}
 n - a scroll of teleportation {unknown}
Potions
 h - a potion of curing {unknown}
 j - 3 potions of ambrosia {unknown}
Comestibles
 g - a ration
 m - 6 chunks of flesh


   Skills:
 - Level 2.1 Fighting
 * Level 3.2 Short Blades
 - Level 2.1 Throwing
 * Level 2.0 Dodging
 * Level 6.8 Stealth


You had 3 spell levels left.
You didn't know any spells.
Your spell library was empty.

Dungeon Overview and Level Annotations

Branches:
Dungeon (2/15)

Altars:


Innate Abilities, Weirdness & Mutations

You are small and have problems with some larger weapons.
You are carnivorous and can eat meat at any time.


Message History

The worm is moderately wounded.
The quokka bites you. The adder completely misses you. The adder misses you.
The adder closely misses you.
You see here 18 stones.
You completely miss the adder. The adder bites you but does no damage.
The quokka bites you but does no damage.
You closely miss the adder. The adder misses you. The quokka bites you.
The adder closely misses you.
You barely miss the adder. The quokka misses you. The adder barely misses you.
The quokka closely misses you.
You see here a leopard gecko skeleton.
The quokka bites you. The adder closely misses you.
You see here a leopard gecko corpse.
The adder barely misses you.
You hit the quokka but do no damage. The quokka bites you.
* * * LOW HITPOINT WARNING * * *
The adder misses you. The quokka bites you.
You die...

#............###
#.......w....#
#.......÷)...#
#............#
#######..(.##########..
####....# #........
#....†..# #..).....
#.##..Sr####........
#.......@<##........
####....####........
#....†............
#.....####........
#.#...+<##........
#.#...#...........
#.#...#.##........
#...#.###.####..
#...#.# .# #


You could see a worm, an adder and a quokka.

Vanquished Creatures
  An adder (D:2)
  An ooze (D:1)
  A dart slug (D:1)
  5 leopard geckos
  3 bats (D:1)
  5 goblins
  4 hobgoblins (D:1)
  3 jackals (D:1)
  2 frilled lizards (D:1)
  A kobold (D:1)
  4 rats (D:1)
30 creatures vanquished.

Notes
Turn   | Place    | Note
-------+----------+-------------------------------------------
     0 | D:1      | Menchi the Kobold Assassin began the quest for the Orb.
     0 | D:1      | Reached XP level 1. HP: 12/12 MP: 1/1
    56 | D:1      | Reached XP level 2. HP: 17/17 MP: 2/2
    74 | D:1      | Reached skill level 6 in Stealth
   216 | D:1      | Reached XP level 3. HP: 16/21 MP: 3/3
   447 | D:2      | Reached XP level 4. HP: 23/26 MP: 4/4
   496 | D:2      | Slain by a quokka

Skill      XL: |  1  2  3 |
---------------+----------+-----
Stealth        | 6 |  6.8
Short Blades   | 3 |  3.2
Dodging        | 2 |  2.0
Fighting       | |  2.1
Throwing       | |  2.1

Action                   |  1- 3 |  4- 6 || total
-------------------------+-------+-------++-------
Melee: Dagger            |    69 |     8 ||    77
 Stab: Sleeping          |     7 |     1 ||     8
  Eat: Chunk             |     7 |       ||     7
Armor: Robe              |    25 |     4 ||    29
Dodge: Dodged            |    55 |    14 ||    69
